 Dungeon Crawl Stone Soup version 0.23-a0-767-gdc19b93d68 (webtiles) character file.

149 LLavrengius the Changer (level 5, -13/33 HPs)
             Began as an Octopode Transmuter on Jan 19, 2019.
             Splashed by Ijyb's acid (17 damage)
             ... on level 3 of the Dungeon.
             The game lasted 00:05:53 (2228 turns).

LLavrengius the Changer (Octopode Transmuter)       Turns: 2228, Time: 00:05:53

Health: -13/33     AC:  1    Str:  9    XL:     5   Next: 31%
Magic:  3/8        EV: 13    Int: 17    God:
Gold:   134        SH:  0    Dex: 12    Spells: 2/8 levels left

rFire    . . .     SeeInvis .     - Unarmed
rCold    . . .     Gourm    .   (no shield)
rNeg     . . .     Faith    .   (helmet restricted)
rPois    .         Spirit   .   (no amulet)
rElec    .         Reflect  .   (no ring)
rCorr    .         Harm     .   (no ring)
MR       .....                  (no ring)
Stlth    ++........             (no ring)
HPRegen  0.11/turn              (no ring)
MPRegen  0.11/turn              (no ring)
                                (no ring)
                                (no ring)

@: very slightly contaminated
A: almost no armour, stealthy swim, amphibious, 8 rings, constrict 8, camouflage
1, gelatinous body 1
a: no special abilities


You were on level 3 of the Dungeon.
You were very hungry.

You visited 1 branch of the dungeon, and saw 3 of its levels.

You collected 134 gold pieces.

Inventory:

Missiles
 a - 12 arrows
Wands
 g - a wand of paralysis (10)
Scrolls
 e - 2 scrolls of identify {unknown}
 f - 2 scrolls of remove curse {unknown}
 h - a scroll of teleportation {unknown}
Potions
 b - a potion of haste {unknown}
 d - a potion of resistance {unknown}
Comestibles
 c - 7 rations


   Skills:
 - Level 1.0 Fighting
 - Level 2.0 Dodging
 - Level 3.0 Unarmed Combat
 - Level 2.0 Spellcasting
 + Level 5.3 Transmutations


You had 2 spell levels left.
You knew the following spells:

 Your Spells              Type           Power        Failure   Level  Hunger
a - Beastly Appendage     Tmut           ###...       2%          1    #......
b - Sticks to Snakes      Tmut           ###.....     3%          2    ###....
c - Spider Form           Tmut/Pois      ##........   19%         3    ###....

Your spell library contained the following spells:

 Spells                   Type           Power        Failure   Level  Hunger
 Blade Hands              Tmut           ###.......   52%         5    ######.
 Ice Form                 Ice/Tmut       ##......     54%         4    #####..


Dungeon Overview and Level Annotations

Branches:
Dungeon (3/15)

Altars:

Annotations:
D:3 Ijyb


Innate Abilities, Weirdness & Mutations

You cannot wear most types of armour.
You are very stealthy in the water. (Stealth+)
You are amphibious.
You can wear up to eight rings at the same time.
You can use your tentacles to constrict eight enemies at once.
Your skin changes colour to match your surroundings (Stealth+).
Your rubbery body absorbs attacks. (AC +1, EV +1)


Message History

You tentacle-slap the goblin. Your grab misses the goblin.
The goblin is heavily wounded.
The goblin barely misses you.
You tentacle-slap the goblin.
You kill the goblin!
You tentacle-slap the orc. You grab the orc.
The orc is heavily wounded.
You constrict the orc, but do no damage.
The orc hits you.
You tentacle-slap the orc. You squeeze the orc.
You kill the orc!
You tentacle-slap the orc but do no damage.
You grab the orc. You constrict the orc. The orc misses you.
Ijyb zaps a wand.
The bolt of acid hits the orc.
The orc is splashed with acid.
The orc dies!
The bolt of acid hits you!
* * * LOW HITPOINT WARNING * * *
You are splashed with acid!
The acid burns!
Ouch! That really hurt!
You die...

### #<# #.#
#.# ####.#
#....# #.####
#.########+###
#<..@)o)%....#
#.####g.)....#
#.. #.........
#.. #........#
####
#........#
#........#
#.###+##.# ..#
. ###


You could see Ijyb and an orc.

Vanquished Creatures
  A bullfrog skeleton (D:2)
  An orc priest (D:3)
  A gnoll (D:2)
  2 adders (D:2)
  A worm (D:2)
  3 dart slugs
  A leopard gecko (D:1)
  2 orcs (D:3)
  4 giant cockroaches
  6 goblins
  3 hobgoblins
  2 jackals (D:1)
  6 kobolds
  7 bats
  A frilled lizard (D:2)
  8 rats
49 creatures vanquished.

Vanquished Creatures (others)
  An orc (D:3)
  A hobgoblin (D:3)
2 creatures vanquished.

Grand Total: 51 creatures vanquished

Notes
Turn   | Place    | Note
-------+----------+-------------------------------------------
     0 | D:1      | LLavrengius the Octopode Transmuter began the quest for the
                  | Orb.
     0 | D:1      | Reached XP level 1. HP: 13/13 MP: 3/3
    85 | D:1      | Reached XP level 2. HP: 15/18 MP: 5/5
    94 | D:1      | Learned a level 2 spell: Sticks to Snakes
   171 | D:1      | Reached skill level 3 in Transmutations
   472 | D:1      | Reached XP level 3. HP: 12/23 MP: 6/6
   477 | D:1      | Learned a level 3 spell: Spider Form
  1398 | D:2      | Reached skill level 4 in Transmutations
  1606 | D:2      | Reached XP level 4. HP: 28/28 MP: 7/7
  2023 | D:2      | Reached skill level 5 in Transmutations
  2212 | D:3      | Reached XP level 5. HP: 33/33 MP: 4/8
  2214 | D:3      | Noticed Ijyb
  2228 | D:3      | Splashed by Ijyb's acid

Vault maps used:
D:1:      dpeg_arrival_rooms_b
D:2:      hangedman_abyss_or_decor_lesser_grid
D:3:      fiery_altar_vehumet, first_ration, uniq_ijyb

Skill      XL: |  1  2  3  4 |
---------------+-------------+-----
Transmutations | 3 4 5 |  5.3
Fighting       | |  1.0
Dodging        | |  2.0
Unarmed Combat | |  3.0
Spellcasting   | |  2.0

Action                   |  1- 3 |  4- 6 || total
-------------------------+-------+-------++-------
Melee: Unarmed           |    93 |    41 ||   134
       Constrict         |    24 |     7 ||    31
       Tentacles         |    16 |     3 ||    19
       Punch             |     2 |       ||     2
       Kick              |     2 |     4 ||     6
 Cast: Beastly Appendage |     3 |     2 ||     5
       Spider Form       |       |     1 ||     1
 Stab: Sleeping          |    11 |     2 ||    13
  Eat: Chunk             |     2 |     1 ||     3
Armor: Skin              |    11 |     2 ||    13
Dodge: Dodged            |    71 |    32 ||   103

Table legend:
 A = Non-vault XP
 B = Vault XP
 C = Vault XP percentage of total XP
 D = Non-vault monster count
 E = Vault monster count
 F = Vault count percentage of total count
                 A         B        C        D         E       F
            +---------+---------+-------+---------+---------+-------
      Total |     213 |       0 |   0.0 |      49 |       0 |   0.0
            +---------+---------+-------+---------+---------+-------
        D:1 |      48 |       0 |   0.0 |      26 |       0 |   0.0
        D:2 |     114 |       0 |   0.0 |      19 |       0 |   0.0
        D:3 |      51 |       0 |   0.0 |       4 |       0 |   0.0
            +---------+---------+-------+---------+---------+-------
